[Event "POR-ch Women 2018"]
[Site "Braga"]
[Date "2018.09.05"]
[Round "1"]
[White "Silva, Mariana"]
[Black "Soares, Sara"]
[Result "1-0"]
[ECO "C50"]
[WhiteElo "1924"]
[BlackElo "1431"]
[Annotator "NA RC"]
[PlyCount "133"]
[EventDate "2018.09.02"]
[EventType "tourn"]
[EventCountry "POR"]
[SourceTitle "playchess.com"]
[Source "ChessBase"]
[SourceQuality "1"]
[TimeControl "40/5400+30:1800+30"]

1. e4 e5 2. Nf3 Nc6 3. Bc4 Bc5 4. O-O Nf6 5. d3 d6 6. a4 a6 7. Bg5 Bg4 8. Nbd2 h6 9. Be3 Bxe3 10. fxe3 O-O 11. Qe1 Qd7 12. Nh4 Ne7 13. d4 Rad8 14. a5 Rfe8 15. Bb3 Nc6 16. h3 Bh5 17. Qg3 Kh7 18. Nf5 Bg6 19. Qh4 Bxf5 20. Rxf5 exd4 21. Rxf6 gxf6 22. Qxf6 Rf8 23. exd4 Qe7 24. Qf5+ Kg7 25. Nf3 Qf6 26. Qg4+ Qg6 27. Qh4 Rde8 28. Re1 Qf6 29. Qg3+ Qg6 30. Qf4 Qf6 31. Qd2 Rg8 32. Rf1 Qg6 33. Nh4 Qg5 34. Rxf7+ Kh8 35. Qxg5 hxg5 36. Nf5 Rgf8 37. Rxc7 Rxe4 38. Nxd6 Re7 39. Rxe7 Nxe7 40. Nxb7 Nc6 41. d5 Nd4 42. Ba4 Rb8 43. Bc6 Kg7 44. c3 Nxc6 45. dxc6 Kf6 46. Kf2 Rc8 47. Nc5 Rxc6 48. b4 Kf5 49. Kf3 Kf6 50. Ke4 Rd6 51. g3 Kf7 52. h4 gxh4 53. gxh4 Rh6 54. Kd5 Rxh4 55. Nxa6 Rh5+ 56. Kc4 Ke7 57. Nc5 Kd6 58. a6 Kc7 59. a7 Rh8 60. Kb5 Ra8 61. Ka6 Kc6 62. c4 Kc7 63. b5 Kc8 64. b6 Kd8 65. b7 Rxa7+ 66. Kxa7 Kc7 67. b8=Q+ 1-0

[Event "POR-ch Women 2018"]
[Site "Braga"]
[Date "2018.09.05"]
[Round "1"]
[White "Pipiras, Filipa"]
[Black "Areal, Beatriz"]
[Result "1-0"]
[ECO "D35"]
[WhiteElo "1803"]
[BlackElo "1051"]
[Annotator "NA RC"]
[PlyCount "61"]
[EventDate "2018.09.02"]
[EventType "tourn"]
[EventCountry "POR"]
[SourceTitle "playchess.com"]
[Source "ChessBase"]
[SourceQuality "1"]
[TimeControl "40/5400+30:1800+30"]

1. d4 d5 2. c4 e6 3. Nc3 Nf6 4. cxd5 exd5 5. Bg5 Be7 6. e3 h6 7. Bh4 O-O 8. Bd3 Nbd7 9. Nge2 Re8 10. O-O Nf8 11. Qc2 c6 12. Rad1 Be6 13. f3 Qc7 14. Bg3 Bd6 15. Bxd6 Qxd6 16. e4 Qc7 17. e5 N6d7 18. f4 Nb6 19. f5 Bd7 20. Nb5 Qc8 21. Nd6 Qd8 22. Qd2 Re7 23. f6 gxf6 24. Rxf6 Be6 25. Qxh6 Nbd7 26. Rf3 Ng6 27. Bxg6 fxg6 28. Qxg6+ Kh8 29. Qh6+ Kg8 30. Rg3+ Rg7 31. Qxg7# 1-0

[Event "POR-ch Women 2018"]
[Site "Braga"]
[Date "2018.09.05"]
[Round "1"]
[White "Oliveira, Alice"]
[Black "Pintor, Ariana"]
[Result "0-1"]
[ECO "B18"]
[WhiteElo "1572"]
[BlackElo "1928"]
[Annotator "NA RC"]
[PlyCount "176"]
[EventDate "2018.09.02"]
[EventType "tourn"]
[EventCountry "POR"]
[SourceTitle "playchess.com"]
[Source "ChessBase"]
[SourceQuality "1"]
[TimeControl "40/5400+30:1800+30"]

1. e4 c6 2. d4 d5 3. Nc3 dxe4 4. Nxe4 Bf5 5. Ng3 Bg6 6. Bc4 e6 7. N1e2 Bd6 8. Nf4 Qc7 9. Nfh5 Bf8 10. c3 Nd7 11. O-O Ngf6 12. f4 O-O-O 13. Nxf6 Nxf6 14. f5 exf5 15. Nxf5 Bxf5 16. Rxf5 Bd6 17. h3 h6 18. Qf3 Rd7 19. Bf4 Bxf4 20. Qxf4 Qb6 21. b4 Re8 22. Re5 Rxe5 23. Qxe5 Qc7 24. Re1 Qxe5 25. Rxe5 Nd5 26. Bxd5 Rxd5 27. Re8+ Kd7 28. Rg8 g6 29. Kf2 Rf5+ 30. Ke2 Rg5 31. Kf2 h5 32. Rh8 Rf5+ 33. Ke2 Rf4 34. g3 Re4+ 35. Kd2 a6 36. Rb8 Kc7 37. Rf8 Re7 38. a4 b6 39. Ra8 Kb7 40. Rf8 a5 41. bxa5 bxa5 42. Rg8 Re6 43. Rf8 Rf6 44. Ke2 Rf5 45. Re8 Kb6 46. Re7 g5 47. Re3 c5 48. dxc5+ Rxc5 49. Kd3 Rd5+ 50. Kc4 Kc6 51. Re8 Rc5+ 52. Kb3 Rd5 53. Kc4 Rf5 54. Re3 f6 55. Re6+ Kd7 56. Re3 Kd6 57. Rd3+ Kc6 58. Re3 h4 59. g4 Rf4+ 60. Kb3 Kc5 61. Rd3 f5 62. gxf5 Rxf5 63. Rd8 Rf3 64. Rg8 Rg3 65. Rg7 Rg2 66. Rg8 Kd6 67. Kc4 g4 68. hxg4 h3 69. Rh8 h2 70. Kb5 Ke5 71. g5 Kf5 72. g6 Kxg6 73. Kxa5 Rg5+ 74. Kb6 Rh5 75. Rxh5 Kxh5 76. a5 h1=Q 77. Ka7 Qc6 78. a6 Qxc3 79. Kb8 Qb4+ 80. Ka8 Qf8+ 81. Kb7 Qe7+ 82. Kb8 Qd8+ 83. Kb7 Qd7+ 84. Ka8 Qc8+ 85. Ka7 Kg6 86. Kb6 Qa8 87. a7 Kf6 88. Ka6 Qc6+ 0-1

[Event "POR-ch Women 2018"]
[Site "Braga"]
[Date "2018.09.05"]
[Round "1"]
[White "Oliveira, Elisa"]
[Black "Silva, Ana Inês"]
[Result "0-1"]
[ECO "C50"]
[WhiteElo "1333"]
[BlackElo "1890"]
[Annotator "NA RC"]
[PlyCount "60"]
[EventDate "2018.09.02"]
[EventType "tourn"]
[EventCountry "POR"]
[SourceTitle "playchess.com"]
[Source "ChessBase"]
[SourceQuality "1"]
[TimeControl "40/5400+30:1800+30"]

1. e4 e5 2. Nf3 Nc6 3. Bc4 Bc5 4. O-O Nf6 5. d3 O-O 6. Be3 Bxe3 7. fxe3 d6 8. Nbd2 Bg4 9. c3 Qd7 10. Qe2 Na5 11. d4 exd4 12. exd4 d5 13. exd5 Nxd5 14. Qe4 Nf6 15. Qc2 Bxf3 16. Rxf3 Nxc4 17. Nxc4 Qd5 18. Ne5 c5 19. Rf5 Qe6 20. dxc5 Nd5 21. Nc4 Nxc3 22. Re5 Qxc4 23. Qxc3 Qxc3 24. bxc3 Rac8 25. Re7 Rxc5 26. Rxb7 a5 27. Rb3 g6 28. Kf2 Rd8 29. a3 Rd2+ 30. Kf1 Rf5+ 0-1

[Event "POR-ch Women 2018"]
[Site "Braga"]
[Date "2018.09.03"]
[Round "2"]
[White "Pintor, Ariana"]
[Black "Pipiras, Filipa Fortuna"]
[Result "1/2-1/2"]
[ECO "C68"]
[WhiteElo "1928"]
[BlackElo "1803"]
[Annotator "NA"]
[PlyCount "88"]
[EventDate "2018.09.02"]
[EventType "tourn"]
[EventCountry "POR"]
[SourceTitle "playchess.com"]
[Source "ChessBase"]
[SourceQuality "1"]
[TimeControl "40/5400+30:1800+30"]

1. e4 e5 2. Nf3 Nc6 3. Bb5 a6 4. Bxc6 dxc6 5. O-O Bg4 6. h3 Bh5 7. d3 f6 8. Be3 Bd6 9. Nbd2 Ne7 10. c3 c5 11. Nb3 b6 12. a4 a5 13. Qe2 O-O 14. Rfd1 Nc6 15. Rac1 Qe7 16. Nbd2 Kh8 17. Nf1 Bf7 18. N3d2 Qd7 19. Ng3 Ne7 20. b3 Be6 21. Ngf1 f5 22. exf5 Nxf5 23. Nc4 Nxe3 24. Qxe3 Rae8 25. Ng3 e4 26. dxe4 Bxc4 27. bxc4 Qxa4 28. Qd3 Bxg3 29. Qxg3 Qc6 30. f3 Rf7 31. Ra1 Qe6 32. Ra4 Qc6 33. Ra3 Qe6 34. Rd5 c6 35. Rd6 Qxc4 36. Rxc6 Qb5 37. Rd6 Qb2 38. Ra4 Ra7 39. Qe5 Raa8 40. Re6 Qc1+ 41. Kh2 Rxe6 42. Qxe6 Qf4+ 43. Kg1 Qc1+ 44. Kh2 Qf4+ 1/2-1/2

[Event "POR-ch Women 2018"]
[Site "Braga"]
[Date "2018.09.03"]
[Round "2"]
[White "Silva, Ana Ines Teixeira D"]
[Black "Silva, Mariana Sofia T"]
[Result "0-1"]
[ECO "B24"]
[WhiteElo "1890"]
[BlackElo "1924"]
[Annotator "NA"]
[PlyCount "65"]
[EventDate "2018.09.02"]
[EventType "tourn"]
[EventCountry "POR"]
[SourceTitle "playchess.com"]
[Source "ChessBase"]
[SourceQuality "1"]
[TimeControl "5400+30"]

1. e4 c5 2. Nc3 Nc6 3. a3 e6 4. Nf3 a6 5. Bc4 b5 6. Ba2 Nf6 7. d3 Qc7 8. h3 Be7 9. Be3 Bb7 10. Qd2 d6 11. O-O O-O 12. Rad1 Rfd8 13. Rfe1 Rac8 14. Ne2 d5 15. exd5 Nxd5 16. Bf4 Nxf4 17. Nxf4 c4 18. Qe3 Bd6 19. Ne2 Ne7 20. d4 Nd5 21. Qd2 c3 22. bxc3 Nxc3 23. Nxc3 Qxc3 24. Ng5 Qxd2 25. Rxd2 Bf4 26. Nxf7 Bxd2 27. Nxd8 Rxd8 28. Rxe6 Bd5 29. Bxd5 Rxd5 30. Rxa6 Rxd4 31. Rb6 Rc4 32. Rd6 Bf4 33. a4 0-1

[Event "POR-ch Women 2018"]
[Site "Braga"]
[Date "2018.09.03"]
[Round "2"]
[White "Soares, Sara Joana De Moura"]
[Black "Oliveira, Maria Elisa Ramos M"]
[Result "1-0"]
[ECO "C54"]
[WhiteElo "1431"]
[BlackElo "1333"]
[Annotator "NA"]
[PlyCount "71"]
[EventDate "2018.09.02"]
[EventType "tourn"]
[EventCountry "POR"]
[SourceTitle "playchess.com"]
[Source "ChessBase"]
[SourceQuality "1"]
[TimeControl "40/5400+30:1800+30"]

1. e4 e5 2. Nf3 Nc6 3. Bc4 Bc5 4. c3 Nf6 5. d4 exd4 6. e5 d5 7. Bb5 Ne4 8. cxd4 Bb6 9. Nc3 Bd7 10. Be3 O-O 11. Be2 Be6 12. O-O f6 13. Bb5 fxe5 14. Bxc6 bxc6 15. Nxe5 Qe8 16. Rc1 Qc8 17. Nxc6 Rf7 18. Ne5 Rf8 19. f3 Nf6 20. b3 Bh3 21. gxh3 Qxh3 22. Qe2 Rae8 23. Qg2 Qh5 24. Bf2 Qf5 25. Rfd1 Nh5 26. Qg4 Rxe5 27. dxe5 Bxf2+ 28. Kh1 Qxf3+ 29. Qxf3 Rxf3 30. Nxd5 c5 31. e6 Rf8 32. Nc7 Bh4 33. Rxc5 Nf4 34. Re5 Be7 35. Rd7 Nh3 36. Rxe7 1-0

[Event "POR-ch Women 2018"]
[Site "Braga"]
[Date "2018.09.03"]
[Round "2"]
[White "Areal, Maria Beatriz Moura"]
[Black "Oliveira, Maria Alice Ramos M"]
[Result "1-0"]
[ECO "B40"]
[WhiteElo "1051"]
[BlackElo "1572"]
[Annotator "NA"]
[PlyCount "73"]
[EventDate "2018.09.02"]
[EventType "tourn"]
[EventCountry "POR"]
[SourceTitle "playchess.com"]
[Source "ChessBase"]
[SourceQuality "1"]
[TimeControl "40/5400+30:1800+30"]

1. e4 c5 2. Nf3 e6 3. Nc3 a6 4. Be2 Qc7 5. O-O Nc6 6. d3 Nf6 7. Be3 Be7 8. Qd2 b5 9. Bd1 O-O 10. Ne2 d5 11. c3 dxe4 12. dxe4 Nxe4 13. Qc2 Nf6 14. Ng3 Bb7 15. Qe2 Rad8 16. Bc2 h6 17. Rad1 Rxd1 18. Rxd1 Rd8 19. Re1 Ne5 20. Bf4 Nxf3+ 21. Qxf3 Qb6 22. Qe2 c4 23. Bb1 Bd6 24. Bxd6 Qxd6 25. Bc2 Qd2 26. Rd1 Qxd1+ 27. Bxd1 Rd7 28. h3 Kf8 29. Bc2 Bc6 30. Ne4 Nd5 31. Nc5 Rd8 32. Nxa6 Nf4 33. Qe3 Nxg2 34. Qc5+ Kg8 35. Qxc6 Nf4 36. Qc7 Rd2 37. Qc8+ 1-0

[Event "POR-ch Women 2018"]
[Site "Braga"]
[Date "2018.09.03"]
[Round "3"]
[White "Silva, Mariana Sofia T"]
[Black "Pintor, Ariana"]
[Result "0-1"]
[ECO "B12"]
[WhiteElo "1924"]
[BlackElo "1928"]
[Annotator "NA RC"]
[PlyCount "76"]
[EventDate "2018.09.02"]
[EventType "tourn"]
[EventCountry "POR"]
[SourceTitle "playchess.com"]
[Source "ChessBase"]
[SourceQuality "1"]
[TimeControl "5400+30"]

1. e4 c6 2. d4 d5 3. e5 Bf5 4. h4 h6 5. g4 Bc8 {[%emt 0:00:28] B12: Caro-Kann (Vorstoß-Variante)} (5... Be4 6. f3 Bh7 7. e6 Qd6 8. exf7+ Kxf7 9. Bd3 Bxd3 10. Qxd3 Nd7 11. h5 e5 12. f4 exd4 13. Qf5+ Ngf6 14. g5 hxg5 15. fxg5 Qg3+ {0-1 (40) Fedoseev,V (2724)-Tabatabaei,M (2577) Moscow 2018}) 6. Nc3 e6 7. Be3 $146 ({Vorgänger:} 7. f4 c5 8. dxc5 Bxc5 9. Nf3 a6 10. Bd3 Ne7 11. Qe2 Nbc6 12. Bd2 Bd7 13. h5 {1-0 (43) Figar,N (1802)-Farias,S (1524) Mar del Plata 2012}) 7... Nd7 8. f4 Ne7 9. h5 a6 10. Nf3 b6 11. Ne2 c5 12. c3 Bb7 13. Ng3 Nc6 14. Bd3 c4 15. Bc2 Qc7 16. Qe2 O-O-O 17. b3 Ba3 18. Rb1 cxb3 19. axb3 Na7 {[%emt 0:03:10] [#]} (19... Be7 $16 {ist eine bessere Verteidigung.}) 20. Qd3 (20. b4 $1 $18) 20... Nb5 {[%emt 0:01:47] [#]} (20... Be7 $16 {is a better defense.}) 21. Bd2 (21. b4 $1 $18) 21... Be7 22. Bd1 Kb8 23. Be2 Rc8 24. c4 (24. Kf2 $16) 24... dxc4 25. bxc4 Na3 26. Rc1 {[%emt 0:00:32] [#]} Nxc4 $1 27. Kf2 $2 (27. Rxc4 $11 {and White is okay.} Qxc4 28. Qxc4 Rxc4 29. Bxc4 Bxf3 30. O-O Bxg4 31. Bxa6) 27... b5 28. Qb1 Bd5 (28... Ndb6 $142 29. Ba5 Qd7 30. Bxb6 Nxb6) 29. Bb4 (29. Bxc4 $17 {keeps fighting.} Bxc4 30. Bb4 Bxb4 31. Qxb4) 29... Ndb6 30. Rhd1 Rhd8 31. Ba5 Qb7 32. Bb4 $19 Na4 33. Bxe7 Qxe7 34. Ne4 Qa3 35. Nfd2 Qe3+ 36. Kf1 Qxf4+ 37. Kg1 Nxd2 38. Nxd2 Qg3+ 0-1

[Event "POR-ch Women 2018"]
[Site "Braga"]
[Date "2018.09.04"]
[Round "3"]
[White "Pipiras, Filipa Fortuna"]
[Black "Silva, Ana Ines Teixeira D"]
[Result "1-0"]
[ECO "A57"]
[WhiteElo "1803"]
[BlackElo "1890"]
[Annotator "NA RC"]
[PlyCount "91"]
[EventDate "2018.09.02"]
[EventType "tourn"]
[EventCountry "POR"]
[SourceTitle "playchess.com"]
[Source "ChessBase"]
[SourceQuality "1"]
[TimeControl "5400+30"]

1. d4 Nf6 2. c4 c5 3. d5 b5 4. Nf3 bxc4 5. Nc3 g6 6. e4 d6 7. Bxc4 Bg7 8. O-O O-O 9. Qc2 Nbd7 {[%emt 0:03:20] LiveBook: 54 Games} 10. h3 Rb8 {[%emt 0:02:55] A57: Benko/Volga Gambit} 11. Bf4 (11. Re1 Nh5 12. Be2 Ne5 13. Nxe5 Bxe5 14. Bxh5 gxh5 15. Bh6 Re8 16. Qd2 Kh8 17. Bf4 Bd4 18. Be3 {0-1 (63) Dreev,A (2644)-Perunovic,M (2622) Berlin 2015}) 11... Nb6 (11... Nh5 $1 $11 12. Bg5 f6) 12. Be2 Nfd7 13. Rfe1 $146 ({Predecessor:} 13. Rfd1 h6 14. a4 f5 15. a5 fxe4 16. Qxe4 Na8 17. Bc1 Qe8 18. Bd3 {1-0 (30) Szymczak,Z (2365)-Ljubic,J (2165) Werfen 1994}) 13... Bb7 14. Rad1 a6 15. Bh2 Qc7 16. Bf1 c4 17. Bf4 Rfc8 18. Qc1 Ba8 19. Bh6 Bh8 20. Bf4 ({White should play} 20. Be3 $16) 20... Nc5 21. Qc2 Nbd7 22. Rb1 Nf6 23. Nd2 Nh5 (23... Nd3 $142) 24. Bh2 Nd7 25. Bxc4 Rb4 (25... Bd4 $16 {is a better defense.}) 26. Bxa6 Rcb8 27. Be2 Nhf6 28. a3 R4b6 29. Nc4 Rb3 30. Nd2 R3b6 31. Rec1 Qd8 32. b4 Ne8 33. Nc4 R6b7 34. Qd2 Nb6 35. Nxb6 Qxb6 36. a4 Bd4 37. Bg3 Nf6 38. Bd3 Ra7 $18 (38... Qa7 $142 39. Nb5 Rxb5 40. axb5 Rd8) 39. a5 Qd8 40. Nb5 Rxb5 41. Bxb5 Rb7 42. Bc6 Bxf2+ 43. Bxf2 Nxe4 44. Qd4 Nxf2 45. Bxb7 Nxh3+ 46. gxh3 1-0

[Event "POR-ch Women 2018"]
[Site "Braga"]
[Date "2018.09.03"]
[Round "3"]
[White "Oliveira, Maria Alice Ramos M"]
[Black "Oliveira, Maria Elisa Ramos M"]
[Result "1-0"]
[ECO "C00"]
[WhiteElo "1572"]
[BlackElo "1333"]
[Annotator "NA RC"]
[PlyCount "45"]
[EventDate "2018.09.02"]
[EventType "tourn"]
[EventCountry "POR"]
[SourceTitle "playchess.com"]
[Source "ChessBase"]
[SourceQuality "1"]
[TimeControl "5400+30"]

1. e4 e6 2. Qe2 e5 3. Nf3 Nc6 4. c3 Be7 5. d4 d6 6. d5 Nb8 7. g3 c6 8. c4 f5 9. Nc3 Nf6 10. Qd3 g6 11. Bg2 a5 12. O-O Ng4 13. h3 Nf6 14. Be3 fxe4 15. Nxe4 Nxe4 16. Nxe5 Nxg3 17. Nxg6 Nxf1 18. Nxh8 Nxe3 19. fxe3 Bf6 20. Qxh7 Bxh8 21. Qxh8+ Ke7 22. Qg7+ Ke8 23. Rf1 1-0

[Event "POR-ch Women 2018"]
[Site "Braga"]
[Date "2018.09.03"]
[Round "3"]
[White "Areal, Maria Beatriz Moura"]
[Black "Soares, Sara Joana De Moura"]
[Result "0-1"]
[ECO "C54"]
[WhiteElo "1051"]
[BlackElo "1431"]
[Annotator "NA RC"]
[PlyCount "94"]
[EventDate "2018.09.02"]
[EventType "tourn"]
[EventCountry "POR"]
[SourceTitle "playchess.com"]
[Source "ChessBase"]
[SourceQuality "1"]
[TimeControl "5400+30"]

1. e4 e5 2. Nf3 Nc6 3. Bc4 Bc5 4. c3 Nf6 5. d3 d6 6. Nbd2 a6 7. Bb3 O-O 8. Nf1 Nh5 9. Ne3 Ba7 10. Bc2 Nf4 11. O-O Be6 12. Re1 Qf6 13. Nf1 Rad8 14. Ng3 Bg4 15. h3 Nxh3+ 16. gxh3 Bxf3 17. Qd2 Qh4 18. Kh2 Bg4 19. Rh1 Qxh3+ 20. Kg1 Qxg3+ 21. Kf1 Bh3+ 22. Ke1 Qg2 23. Rxh3 Qxh3 24. Kd1 Qf1+ 25. Qe1 Qxf2 26. Qxf2 Bxf2 27. Ke2 Ba7 28. Bd2 f5 29. Bb3+ Kh8 30. Bg5 Rde8 31. Rh1 f4 32. Kf3 h6 33. Bh4 Na5 34. Bd1 b5 35. b4 Nb7 36. Bb3 c6 37. Bg5 Nd8 38. a3 Ne6 39. Bh4 g5 40. Be1 Kg7 41. Bd1 Kg6 42. Be2 h5 43. Bf1 g4+ 44. Kg2 f3+ 45. Kg3 Kg5 46. Bd2+ Nf4 47. Be1 Rh8 0-1

[Event "POR-ch Women 2018"]
[Site "Braga"]
[Date "2018.09.04"]
[Round "4"]
[White "Pintor, Ariana"]
[Black "Soares, Sara Joana De Moura"]
[Result "1-0"]
[ECO "C68"]
[WhiteElo "1928"]
[BlackElo "1431"]
[Annotator "NA RC"]
[PlyCount "59"]
[EventDate "2018.09.02"]
[EventType "tourn"]
[EventCountry "POR"]
[SourceTitle "playchess.com"]
[Source "ChessBase"]
[SourceQuality "1"]
[TimeControl "5400+30"]

1. e4 e5 2. Nf3 Nc6 3. Bb5 a6 4. Bxc6 dxc6 5. O-O Bg4 6. h3 Bh5 7. d3 f6 {[%emt 0:00:40] C68: Spanische Partie (Abtauschvariante)} 8. Be3 (8. Nbd2 Bd6 9. Re1 Ne7 10. Nf1 O-O 11. Ng3 Bf7 12. Be3 {½-½ (12) Saric,A (2543)-Brkic,A (2598) Jahorina 2018}) 8... Bd6 9. d4 exd4 10. Bxd4 c5 11. Bc3 Ne7 12. Nbd2 Nc6 13. Nc4 Be7 $146 ({Vorgänger:} 13... Qe7 14. Qd3 O-O-O 15. e5 {0-1 (53) Stevens,L (2078)-Kaufman,L (2413) Irvine 2010}) 14. Re1 O-O 15. g4 Bf7 16. Ne3 Re8 17. Nf5 Bf8 18. e5 fxe5 19. Nxe5 Bd5 20. Qd2 Nxe5 21. Bxe5 c6 22. Qf4 Qd7 23. Rad1 Qf7 24. Rd3 Rad8 25. c4 Bxc4 26. Rxd8 Rxd8 27. Qg5 Qd7 $18 28. Bxg7 Bxg7 29. Re7 Qd1+ 30. Kh2 1-0

[Event "POR-ch Women 2018"]
[Site "Braga"]
[Date "2018.09.04"]
[Round "4"]
[White "Silva, Mariana Sofia T"]
[Black "Pipiras, Filipa Fortuna"]
[Result "1/2-1/2"]
[ECO "C55"]
[WhiteElo "1924"]
[BlackElo "1803"]
[Annotator "NA RC"]
[PlyCount "112"]
[EventDate "2018.09.02"]
[EventType "tourn"]
[EventCountry "POR"]
[SourceTitle "playchess.com"]
[Source "ChessBase"]
[SourceQuality "1"]
[TimeControl "5400+30"]

1. e4 e5 2. Nf3 Nc6 3. Bc4 Nf6 4. d3 Be7 5. O-O d6 6. Re1 O-O 7. c3 Na5 8. Bb5 a6 9. Ba4 b5 10. Bc2 c5 11. Nbd2 Nc6 12. a4 Rb8 {[%emt 0:06:26] C90: Spanische Partie (Abweichungen von der Hauptvariante)} (12... b4 13. Nc4 Be6 14. Ne3 bxc3 15. bxc3 Rb8 16. d4 cxd4 17. cxd4 exd4 18. Nxd4 Nxd4 19. Qxd4 Qc7 20. Ba3 {½-½ (71) Inarkiev,E (2693)-Smirnov,P (2610) Novosibirsk 2012}) 13. axb5 axb5 14. Nf1 Nd7 15. Ne3 Nb6 16. h3 $146 ({Vorgänger:} 16. Bb3 Qc7 17. h3 Bd7 18. Nd5 Nxd5 19. exd5 {1-0 (57) Sammed Jaykumar,S (2267)-Akash Pc,I (2243) Dindigul 2015}) 16... Qc7 17. Qe2 b4 18. Bd2 bxc3 19. bxc3 Be6 20. Reb1 Ra8 21. Nh2 Rfc8 22. Nhg4 Rxa1 23. Rxa1 Qb7 24. Qf3 Bg5 25. Rb1 Qa6 26. h4 Be7 27. Nd5 Nd7 28. Qg3 Bxg4 29. Qxg4 Nf6 30. Nxf6+ Bxf6 31. h5 Ne7 32. Bg5 Bxg5 33. Qxg5 Qa7 34. Bd1 h6 35. Qh4 Nc6 36. Bg4 Rb8 37. Rxb8+ Qxb8 38. Bd7 Qd8 39. Qg4 Ne7 40. Bb5 Qc7 41. Bc4 Qa7 42. Qf3 Nc6 43. Qf5 Qc7 44. Bd5 Na5 45. Qf3 c4 (45... Nc6 $11) 46. dxc4 (46. Qd1 $16) 46... Nxc4 47. Qd3 Nb6 48. Bb3 Nd7 49. Qb5 Nf6 50. Qa4 ({Besser ist} 50. f3 $15) 50... Qxc3 51. Qa8+ (51. f3 $17 {was necessary.}) 51... Kh7 52. Bxf7 $2 (52. Qa2) 52... Qc1+ 53. Kh2 Qf4+ 54. Kg1 $11 Qc1+ 55. Kh2 Qf4+ 56. Kg1 Qc1+ 1/2-1/2

[Event "POR-ch Women 2018"]
[Site "Braga"]
[Date "2018.09.04"]
[Round "4"]
[White "Silva, Ana Ines Teixeira D"]
[Black "Oliveira, Maria Alice Ramos M"]
[Result "1/2-1/2"]
[ECO "B26"]
[WhiteElo "1890"]
[BlackElo "1572"]
[Annotator "NA RC"]
[PlyCount "82"]
[EventDate "2018.09.02"]
[EventType "tourn"]
[EventCountry "POR"]
[SourceTitle "playchess.com"]
[Source "ChessBase"]
[SourceQuality "1"]
[TimeControl "5400+30"]

1. e4 c5 2. Nc3 Nc6 3. g3 g6 4. Bg2 Bg7 5. d3 d6 6. Be3 Nf6 7. h3 O-O 8. Qd2 Rb8 9. Nge2 b5 10. O-O b4 11. Nd1 a5 12. f4 {[%emt 0:02:02] B26: Closed Sicilian: 3 g3, lines with early Be3} Qc7 (12... Nd7 13. h4 Ba6 14. h5 gxh5 15. Rb1 Kh8 16. Nf2 Rg8 17. Nh3 Nd4 18. Ng5 Qf8 19. e5 h6 {0-1 (43) Ghaem Maghami,E (2579)-Najer,E (2681) Germany 2009}) 13. f5 a4 14. Bh6 b3 $146 ({Predecessor:} 14... Nd7 15. Bxg7 Kxg7 16. Nf4 Nb6 17. Ne3 Ne5 18. Nfd5 Nxd5 19. Nxd5 Qa7 {1-0 (49) Schneider,J (1788)-Ragot Gaufreteau,M (1503) Budva 2013}) 15. axb3 axb3 16. c3 Bb7 17. Bxg7 Kxg7 18. Ne3 Ra8 19. Rxa8 Rxa8 20. g4 Ra2 {[%emt 0:27:53] [#]} 21. g5 $1 Nd7 22. Nd5 Qd8 23. Nef4 Nce5 {[%emt 0:04:57] [#]} 24. h4 $16 (24. Nxe7 $1 $18 {[%mdl 512] und der Rest ist Schweigen.} Nb6 (24... Qxe7 25. f6+) 25. Rb1) 24... Bxd5 25. Nxd5 c4 26. dxc4 Nxc4 27. Qd4+ Nde5 28. Rf2 Rxb2 29. Rxb2 Nxb2 30. Qb4 Nbd3 31. Qxb3 Qd7 32. f6+ exf6 33. gxf6+ Kh6 34. Qd1 Qa7+ 35. Kh2 Qf2 36. Qf1 Qxh4+ 37. Kg1 Ng4 38. Qxd3 Qf2+ 39. Kh1 Qh4+ 40. Kg1 Qf2+ 41. Kh1 Qh4+ 1/2-1/2

[Event "POR-ch Women 2018"]
[Site "Braga"]
[Date "2018.09.04"]
[Round "4"]
[White "Oliveira, Maria Elisa Ramos M"]
[Black "Areal, Maria Beatriz Moura"]
[Result "0-1"]
[ECO "C42"]
[WhiteElo "1333"]
[BlackElo "1051"]
[Annotator "NA RC"]
[PlyCount "118"]
[EventDate "2018.09.02"]
[EventType "tourn"]
[EventCountry "POR"]
[SourceTitle "playchess.com"]
[Source "ChessBase"]
[SourceQuality "1"]
[TimeControl "5400+30"]

1. e4 e5 2. Nf3 Nf6 3. Nxe5 d6 4. Nf3 Nxe4 5. d3 Nf6 6. Be3 Be7 7. Be2 O-O 8. O-O Nc6 9. h3 Be6 10. c4 d5 11. Nbd2 h6 12. Qc2 d4 13. Bf4 Bd6 14. Bxd6 Qxd6 15. a3 Nh5 16. Ne4 Qd7 17. Nh2 Nf4 18. Qd2 Nxe2+ 19. Qxe2 Rfe8 20. Qd1 b6 21. f4 Bf5 22. Ng3 Re3 23. Nxf5 Qxf5 24. Rf3 Rxf3 25. Qxf3 Qd7 26. Ng4 Rb8 27. Qg3 Kh7 28. Re1 Re8 29. Rxe8 Qxe8 30. Qf3 f5 31. Nh2 a5 32. g4 fxg4 33. hxg4 Kg6 34. Kg2 Nd8 35. Kf2 c5 36. Qh3 Kf6 37. Qh4+ Kf7 38. Qh5+ Kf8 39. Qf5+ Qf7 40. Qe5 Qe7 41. Qf5+ Qf7 42. Qe5 Qe7 43. Nf3 Nc6 44. Qf5+ Qf7 45. Qc8+ Qe8 46. Qxe8+ Kxe8 47. Ne5 Nxe5 48. fxe5 Ke7 49. Kf3 Ke6 50. Ke4 g6 51. a4 h5 52. gxh5 gxh5 53. Kf4 h4 54. Kg4 Kxe5 55. Kxh4 Kf4 56. Kh3 Ke3 57. Kg2 Kxd3 58. Kf2 Kc2 59. Ke2 d3+ 0-1

[Event "POR-ch Women 2018"]
[Site "Braga"]
[Date "2018.09.05"]
[Round "5"]
[White "Pipiras, Filipa Fortuna"]
[Black "Oliveira, Maria Alice Ramos M"]
[Result "1-0"]
[ECO "E15"]
[WhiteElo "1803"]
[BlackElo "1572"]
[Annotator "NA"]
[PlyCount "84"]
[EventDate "2018.09.02"]
[EventType "tourn"]
[EventCountry "POR"]
[SourceTitle "playchess.com"]
[Source "ChessBase"]
[SourceQuality "1"]
[TimeControl "5400+30"]

1. d4 Nf6 2. c4 e6 3. Nf3 b6 4. g3 Bb4+ 5. Bd2 Bxd2+ 6. Qxd2 Bb7 7. Bg2 O-O 8. O-O d5 9. Ne5 Nbd7 10. Nc3 Rc8 11. Rfd1 Nxe5 12. dxe5 Nd7 13. cxd5 exd5 14. Bxd5 Bxd5 15. Qxd5 Nc5 16. Qc4 Qg5 17. f4 Qg4 18. Nd5 Kh8 19. Kg2 Qe6 20. b4 Nd7 21. Rac1 c5 22. Ne3 Qc6+ 23. Qd5 Qxd5+ 24. Rxd5 Rc7 25. Rcd1 Nb8 26. Rd8 Rc8 27. Rxf8+ Rxf8 28. bxc5 bxc5 29. Nc4 h6 30. Rd6 Rc8 31. Kf3 Kg8 32. Ke4 Nc6 33. a3 Nd4 34. e3 Nc6 35. Rd7 Rd8 36. Rc7 Nb8 37. Nd6 f6 38. Rxc5 fxe5 39. fxe5 Nd7 40. Rc8 Rxc8 41. Nxc8 a5 42. Kd5 Kf7 1-0

[Event "POR-ch Women 2018"]
[Site "Braga"]
[Date "2018.09.05"]
[Round "5"]
[White "Soares, Sara Joana De Moura"]
[Black "Silva, Ana Ines Teixeira D"]
[Result "0-1"]
[ECO "C54"]
[WhiteElo "1431"]
[BlackElo "1890"]
[Annotator "NA"]
[PlyCount "80"]
[EventDate "2018.09.02"]
[EventType "tourn"]
[EventCountry "POR"]
[SourceTitle "playchess.com"]
[Source "ChessBase"]
[SourceQuality "1"]
[TimeControl "5400+30"]

1. e4 e5 2. Nf3 Nc6 3. Bc4 Bc5 4. c3 Nf6 5. d4 exd4 6. e5 d5 7. Bb5 Ne4 8. cxd4 Bb6 9. Nc3 O-O 10. Be3 Bg4 11. Be2 f6 12. exf6 Rxf6 13. O-O Qd6 14. a3 Raf8 15. Na4 Nd8 16. Rc1 Ne6 17. Nxb6 axb6 18. h3 Bh5 19. Qc2 c6 20. Rfe1 Bxf3 21. Bxf3 Rxf3 22. gxf3 N4g5 23. Bxg5 Nxg5 24. Kg2 Nxf3 25. Rh1 Nxd4 26. Qd3 Qf4 27. Qe3 Qf6 28. Rhe1 c5 29. Qe5 Qxf2+ 30. Kh1 Nf3 31. Qe2 Nxe1 32. Rxe1 Qxe2 33. Rxe2 Rf3 34. Kg2 Rb3 35. Rf2 d4 36. h4 g6 37. Kg1 Kg7 38. Rh2 c4 39. Kf1 c3 40. bxc3 Rb1+ 0-1